 Dungeon Crawl Stone Soup version 0.32-a0-433-g08bcfe7efd (webtiles) character file.

Game seed: 942762777697860446

315 ezpacito the Trooper (level 6, -2/48 HPs)
             Began as a Demonspawn Chaos Knight on Feb 22, 2024.
             Was a Plaything of Xom.
             Slain by Menkaure (18 damage)
             ... on level 4 of the Dungeon.
             The game lasted 00:04:58 (3160 turns).

ezpacito the Trooper (Demonspawn Chaos Knight)      Turns: 3160, Time: 00:04:58

Health: -2/48      AC:  9    Str: 21    XL:     6   Next: 19%
Magic:  9/9        EV: 10    Int: 18    God:    Xom [.....*]
Gold:   133        SH:  0    Dex: 12    Spells: 1/9 levels left

rFire   . . .        a - +0 hand axe (chaos)
rCold   . . .        (no shield)
rNeg    . . .        t - +0 chain mail
rPois   .            e - +0 hat
rElec   .            (no cloak)
rCorr   .            (no gloves)
SInv    .            (no boots)
Will    .....        k - amulet of magic regeneration Stlth
                     r - +6 ring of intelligence
HPRegen 0.28/turn    s - +6 ring of strength
MPRegen 0.62/turn

%: no passive effects
@: no status effects
A: magic regeneration, sturdy frame 2
a: Renounce Religion


You were on level 4 of the Dungeon.
You worshipped Xom.
You were Xom's teddy bear.
You visited 1 branch of the dungeon, and saw 4 of its levels.

You collected 188 gold pieces.
You spent 55 gold pieces at shops.

Inventory:

Hand Weapons
 a - a +0 hand axe of chaos (weapon)
 b - the +5 dagger "Giluahocw" {freeze, rF+ Will- Dex+3}
   (You found it on level 3 of the Dungeon)

   Dex+3:     It affects your dexterity (+3).
   rF+:       It protects you from fire.
   Will-:     It decreases your willpower.
Missiles
 d - 4 boomerangs (quivered)
 y - 5 poisoned darts
Armour
 e - a +0 hat (worn)
 t - a +0 chain mail (worn)
 x - a scarf of harm
Jewellery
 f - a ring of ice
 k - an amulet of magic regeneration (around neck)
 r - a +6 ring of intelligence (left hand)
 s - a +6 ring of strength (right hand)
 C - an amulet of the acrobat
Wands
 u - a wand of roots (4)
 A - a wand of flame (12)
Scrolls
 c - 2 scrolls of butterflies
 i - a scroll of blinking {unknown}
 l - a scroll of poison {unknown}
 o - a scroll of fear {unknown}
 v - a scroll of teleportation {unknown}
 z - a scroll of fog {unknown}
Potions
 g - 3 potions of enlightenment
 h - 2 potions of haste
 j - 2 potions of magic
 m - a potion of attraction
 n - a potion of mutation {unknown}
 p - a potion of cancellation
 q - 2 potions of curing
 w - a potion of ambrosia {unknown}
 B - 2 potions of brilliance {unknown}


   Skills:
 * Level 3.7 Fighting
 * Level 3.5 Axes
 + Level 0.0 Throwing
 * Level 3.0 Armour
 * Level 2.2 Dodging
 + Level 1.0 Stealth
 * Level 1.8 Unarmed Combat
 * Level 2.2 Spellcasting
 + Level 0.0 Summonings
 + Level 0.0 Evocations


You had one spell level left.
You knew the following spells:

 Your Spells              Type           Power      Damage    Failure   Level
a - Dispel Undead         Necr           1%         3d6       99%         4
b - Martyr's Knell        Necr/Summ      1%         N/A       99%         4

Your spell library contained the following spells:

 Spells                   Type           Power      Damage    Failure   Level
 Freeze                   Ice            4%         1d3       43%         1
 Cigotuvi's Dreadful Rot  Necr/Alch/Air  2%         N/A       58%         2
 Static Discharge         Conj/Air       2%         3-4/arc   58%         2
 Frozen Ramparts          Ice            2%         1d1       82%         3
 Hailstorm                Conj/Ice       1%         3d5       82%         3
 Airstrike                Air            0%         2d(1-17)  99%         4
 Summon Lightning Spire   Summ/Air       1%         N/A       99%         4
 Death Channel            Necr           0%         N/A       100%        6


Dungeon Overview and Level Annotations

Branches:
Dungeon (4/15)
 Temple: D:4-7

Altars:
Cheibriados
Fedhas
Kikubaaqudgha
Ru

Shops:
D:2 *!!

Annotations:
D:4 Menkaure


Innate Abilities, Weirdness & Mutations

You regenerate magic rapidly.
Your movements are less encumbered by armour. (ER -4)


Message History

Okay, then.
Found a leather armour.
j - 2 potions of magic (gained 1)
A quokka comes into view.
A quokka is nearby!
The quokka closely misses you.
You hit the quokka.
You kill the quokka!
No target in view!
No target in view!
No target in view!
No target in view!
No target in view!
Unknown command.
g - 3 potions of enlightenment (gained 1)
You swap places.
C - an amulet of the acrobat You swap places.
Menkaure, Prince of Dust comes into view.
Menkaure shouts!
You slash Menkaure!
Menkaure seems to speed up.
Menkaure is moderately damaged.
Menkaure misses you. Menkaure hits you!
You hit Menkaure.
Menkaure is caught in a web!
Menkaure is heavily damaged.
Menkaure struggles to get unstuck from the web.
You hit Menkaure but do no damage.
Menkaure is heavily damaged.
Menkaure tears the web.
You slash Menkaure!
Xom thinks this is hilarious!
Nothing appears to happen.
Menkaure is severely damaged.
Menkaure hits you! Menkaure barely misses you.
You hit Menkaure. You burn Menkaure.
Menkaure is almost destroyed.
Menkaure hits you!
* * * LOW HITPOINT WARNING * * *
You feel better. Menkaure hits you!!
You die...

# #.# #.#
########.#
#.#
.........#
# #.#
#.########
#.####.#
.##
#.#....#
.#
#...#..#
.##
###....#
..#
######.#.#
..#
#...M@Z..#
..#
#.####.###
..# #.#
..# ..#
#.# ###
#.. .###


You could see Menkaure (fast, ally target) and a friendly hound zombie.

Vanquished Creatures
  A hound (D:4)
  2 iguanas (D:3)
  Terence (D:3)
  2 orc wizards (D:3)
  4 adders
  3 gnolls (D:2)
  4 ribbon worms
  3 dart slugs (D:1)
  4 orcs (D:3)
  9 endoplasms
  4 giant cockroaches
  9 goblins
  3 hobgoblins
  4 quokkas
  5 ball pythons
  6 bats
  3 frilled lizards
  6 kobolds
  10 rats
83 creatures vanquished.

Notes
Turn   | Place    | Note
-------+----------+-------------------------------------------
     0 | D:1      | ezpacito the Demonspawn Chaos Knight began the quest for
                  | the Orb.
     0 | D:1      | Reached XP level 1. HP: 18/18 MP: 1/1
    34 | D:1      | XOM: potion effect (brilliance)
    38 | D:1      | Reached skill level 1 in Dodging
    88 | D:1      | Gained mutation: You regenerate magic rapidly. [demonic
                  | ancestry]
    88 | D:1      | Reached XP level 2. HP: 21/24 MP: 2/2
   257 | D:1      | XOM: silly message
   538 | D:1      | Gained mutation: Your movements are slightly less
                  | encumbered by armour. (ER -2) [demonic ancestry]
   538 | D:1      | Reached XP level 3. HP: 29/29 MP: 4/4
   588 | D:1      | XOM: 9-stop teleportation journey
   774 | D:2      | Found Usiantestuch's Assorted Antiques.
   859 | D:2      | Bought a scroll labelled AXIHUCKA ORILEE for 22 gold pieces
   859 | D:2      | Bought a scroll labelled AXIHUCKA ORILEE for 22 gold pieces
   909 | D:2      | Reached skill level 1 in Spellcasting
  1256 | D:2      | Found Eqomal's Distillery.
  1417 | D:2      | Found Runab's Distillery.
  1445 | D:2      | Reached skill level 1 in Unarmed Combat
  1445 | D:2      | Gained mutation: Your movements are less encumbered by
                  | armour. (ER -4) [demonic ancestry]
  1445 | D:2      | Reached XP level 4. HP: 9/35 MP: 5/5
  1786 | D:2      | Bought a potion of degeneration for 11 gold pieces
  1983 | D:3      | XOM: potion effect (brilliance)
  1983 | D:3      | Noticed Terence
  1993 | D:3      | Killed Terence
  1994 | D:3      | Reached XP level 5. HP: 41/41 MP: 7/7
  2266 | D:3      | XOM: noise
  2355 | D:3      | XOM: god gift: 4 stones
  2358 | D:3      | Identified the +5 dagger "Giluahocw" {freeze, rF+ Will-
                  | Dex+3}
  2390 | D:3      | Found a blossoming altar of Fedhas.
  2393 | D:3      | Found an ancient bone altar of Kikubaaqudgha.
  2406 | D:3      | Found a sacrificial altar of Ru.
  2409 | D:3      | Found a snail-covered altar of Cheibriados.
  2537 | D:3      | XOM: god gift: wand of roots (4)
  2749 | D:4      | Reached XP level 6. HP: 47/48 MP: 9/9
  2985 | D:4      | Reached skill level 1 in Stealth
  3065 | D:4      | XOM: god gift: 2 amethyst potions {god gift}
  3072 | D:4      | Learned a level 4 spell: Dispel Undead
  3077 | D:4      | Learned a level 4 spell: Martyr's Knell
  3153 | D:4      | Noticed Menkaure
  3160 | D:4      | Slain by Menkaure

Illustrated notes

Levels and vault maps discovered:
D:1:      scummos_arrival_checkerplants, layout_basic,
          hangedman_abyss_or_decor_lesser_grid
D:2:      kb_forest_paths, layout_loops_corners, serial_shops,
          nicolae_shop_hallway_stairs, shop, nicolae_shop_waterfront,
          nrook_mini_backslash, minmay_misc_feat_iff, corner_web_ring
D:3:      layout_rooms, grunt_temple_overflow_cloverleaf, uniq_terence
D:4:      layout_loops_ring, uniq_menkaure

Skill      XL: |  1  2  3  4  5  6 |
---------------+-------------------+-----
Dodging        | 1 2 |  2.2
Armour         | 2 3 |  3.0
Spellcasting   | 1 2 |  2.2
Axes           | 3 |  3.5
Unarmed Combat | 1 |  1.8
Stealth        | 1 |  1.0
Fighting       | |  3.7

Action                     |  1- 3 |  4- 6 || total
---------------------------+-------+-------++-------
  Melee: Hand axe          |   114 |   152 ||   266
    Use: Scroll            |     4 |     4 ||     8
         Potion            |     2 |     1 ||     3
   Stab: Petrifying        |     1 |     1 ||     2
         Invisible         |     5 |     1 ||     6
         Confused          |       |     1 ||     1
         Petrified         |       |     9 ||     9
 Armour: Leather armour    |    68 |    52 ||   120
         Chain mail        |       |    44 ||    44
  Dodge: Dodged            |    91 |    95 ||   186

Table legend: (Time is in decaauts)
 A = Elapsed time spent in this place.
 B = Non-inter-level travel time spent in this place.
 C = Inter-level travel time spent in this place.
 D = Time resting spent in this place.
 E = Time spent auto-exploring this place.
 F = Levels seen in this place.
 G = Mean time per level.
                   A        B        C        D        E       F      G
               +--------+--------+--------+--------+--------+-----+--------+
         Total |   3197 |   3098 |     99 |     74 |   2335 |   4 |  799.2 |
       Dungeon |   3197 |   3098 |     99 |     74 |   2335 |   4 |  799.2 |
               +--------+--------+--------+--------+--------+-----+--------+

Top non-repeatable levels by time:
     D:2: 1172 daAuts
     D:3: 856 daAuts
     D:1: 744 daAuts
     D:4: 424 daAuts
